Blue Jackets vs Capitals
Created - October 31, 2017 at 19:15
Goals
|
| Blue Jackets |
1 |
1 |
1 |
0 |
2 |
4 |
| Capitals |
3 |
0 |
0 |
0 |
0 |
3 |
|
Shots
|
| Blue Jackets |
16 |
13 |
9 |
1 |
3 |
39 |
| Capitals |
16 |
9 |
5 |
1 |
2 |
31 |
|
1st period
1. Capitals , T.J. Oshie 2 (Chris Kunitz 2, Paul Martin 3) at 1:11
2. Capitals , Joe Thornton 5 (Patrick Marleau 4, Paul Martin 4) at 2:36
3. Blue Jackets , Kevin Porter 1 (Jan Bulis 2) at 13:37
4. Capitals , Mike Hoffman 1 (Dougie Hamilton 2) at 17:36
Penalties :
Dan Boyle (Was) for Tripping (Minor) at 6:14
2nd period
5. Blue Jackets , Patric Hornqvist 6 (Pavel Datsyuk 10) at 12:30 (PP)
Penalties :
Dan Boyle (Was) for Goalie Interference (Minor) at 12:22
3rd period
6. Blue Jackets , David Booth 6 (Pavel Datsyuk 11, Patric Hornqvist 8) at 0:51 (PP)
Penalties :
Patrick Marleau (Was) for Slashing (Minor) at 0:41, Mike Lundin (Clb) for Holding (Minor) at 5:37, Marcus Nilson (Clb) for Interference (Minor) at 11:01, Brian Boyle (Was) for Slashing (Minor) at 15:11
Overtime #1
No Goal
Penalties :
No Penalty
Shootout
Penalty Shot by Patric Hornqvist for Blue Jackets - Goal!
Penalty Shot by Tyler Seguin for Capitals - Stopped by Rick DiPietro
Penalty Shot by David Booth for Blue Jackets - Stopped by Craig Anderson
Penalty Shot by Jaromir Jagr for Capitals - Stopped by Rick DiPietro
Penalty Shot by Martin Havlat for Blue Jackets - Goal!
Penalties :
No Penalty
Goalie Stats
Rick DiPietro (Clb), 28 saves from 31 shots - (0.903), W, 4-5-0, 65:00 minutes
Craig Anderson (Was), 36 saves from 39 shots - (0.923), OTL, 4-3-1, 65:00 minutes
Players Stats for Blue Jackets
Player Name G A P +/- PIM S H SB GA TA FO MP PP MP PK MP
------------------------------------------------------------------------------------
A.J Thelen 0 0 0 0 0 1 0 1 0 0 0/0 13:29 0:00 1:32
Andreas Nodl 0 0 0 0 0 2 3 0 0 1 0/0 9:44 0:03 0:54
Branislav Mezei 0 0 0 -2 0 1 2 2 0 1 0/0 31:15 3:05 2:32
David Booth 1 0 1 0 0 1 2 1 1 1 0/1 21:09 2:19 0:54
Jan Bulis 0 1 1 -1 0 1 1 0 0 0 0/2 12:43 0:00 0:56
Jeff Taffe 0 0 0 0 0 1 2 0 0 0 0/0 8:08 0:00 0:56
Kevin Bieksa 0 0 0 0 0 2 1 0 0 0 0/0 21:49 1:11 1:24
Kevin Porter 1 0 1 0 0 2 0 0 1 0 1/2 6:57 0:00 0:00
Marcus Nilson 0 0 0 -1 2 4 2 0 1 1 0/0 17:49 1:54 0:00
Martin Havlat 0 0 0 0 0 6 2 1 1 0 2/2 22:55 1:54 2:08
Mike Brown 0 0 0 -1 0 0 4 0 0 0 0/0 13:54 0:03 0:00
Mike Commodore 0 0 0 0 0 0 0 0 0 1 0/0 12:39 0:00 0:00
Mike Lundin 0 0 0 -2 2 0 1 1 1 1 0/0 28:58 3:05 1:04
Mike York 0 0 0 -1 0 3 1 0 0 1 0/1 13:47 0:03 0:00
Patric Hornqvist 1 1 2 -1 0 7 4 0 0 0 0/0 18:00 2:19 0:00
Pavel Datsyuk 0 2 2 0 0 3 1 1 0 0 18/38 23:13 2:19 2:08
Peter Mueller 0 0 0 -1 0 2 1 0 1 0 9/17 17:42 1:54 0:00
Tim Ramholt 0 0 0 0 0 3 0 0 0 0 0/0 21:49 1:11 1:24
Players Stats for Capitals
Player Name G A P +/- PIM S H SB GA TA FO MP PP MP PK MP
------------------------------------------------------------------------------------
Artemi Panarin 0 0 0 0 0 6 1 0 1 1 1/1 22:14 2:06 1:05
Brian Boyle 0 0 0 1 2 0 4 0 0 0 3/5 13:47 0:00 0:00
Chris Kunitz 0 1 1 1 0 0 1 0 1 0 1/3 10:01 0:00 1:44
Chris Phillips 0 0 0 -1 0 1 0 0 0 1 0/0 13:57 0:25 0:00
Christian Ehrhoff 0 0 0 -1 0 0 3 2 0 0 0/0 17:35 0:25 1:53
Dan Boyle 0 0 0 0 4 1 2 1 0 2 0/0 26:24 1:44 1:11
Dougie Hamilton 0 1 1 3 0 0 0 0 1 1 0/0 20:59 1:49 1:12
Erik Karlsson 0 0 0 0 0 2 1 2 1 0 0/0 26:11 1:44 1:53
Jaromir Jagr 0 0 0 0 0 3 1 0 0 0 0/0 23:54 1:48 2:35
Jay Beagle 0 0 0 1 0 0 2 0 1 0 5/9 12:56 1:14 0:00
Joe Thornton 1 0 1 0 0 5 3 1 0 0 5/14 12:18 0:00 1:06
Mark Stone 0 0 0 1 0 1 1 0 0 0 0/0 12:13 0:04 0:00
Mats Zuccarello 0 0 0 0 0 2 2 0 0 0 1/1 18:27 2:06 0:36
Mike Hoffman 1 0 1 1 0 1 1 0 0 0 0/1 12:01 0:00 0:00
Patrick Marleau 0 1 1 0 2 1 4 0 0 0 0/0 18:01 1:48 0:36
Paul Martin 0 2 2 3 0 3 0 0 1 0 0/0 24:52 1:49 2:23
T.J. Oshie 1 0 1 1 0 2 2 0 1 0 0/0 9:48 1:00 0:00
Tyler Seguin 0 0 0 0 0 3 2 0 0 1 17/29 20:02 1:48 0:50
3 Stars
1 - Patric Hornqvist (Clb)
2 - Paul Martin (Was)
3 - T.J. Oshie (Was)
Power Play
Blue Jackets - 2 on 4 Attempt(s) - 50.00%
Capitals - 0 on 2 Attempt(s) - 0.00%
Penalty Kill
Blue Jackets - 2 on 2 Attempt(s) - 100.00%
- Score 0 goal in Penalty Kill
Capitals - 2 on 4 Attempt(s) - 50.00%
- Score 0 goal in Penalty Kill
Team Stat
Blue Jackets - Hits : 27 - Faceoff Wins : 30 - Blocked Shots : 7 - Penalty Minutes : 4
Capitals - Hits : 30 - Faceoff Wins : 33 - Blocked Shots : 6 - Penalty Minutes : 8
Official
Referees : O'Halloran Dan and Peel Tim
Linesman : Mark Wheler and Brian Murphy
Game Notes
Joe Thornton is injured at 15:21 of 2nd period (Right Hip)
Finance
Level 1 -- Attendance: 6000 (100.00%) -- Ticket Income $492,000
Level 2 -- Attendance: 4830 (96.60%) -- Ticket Income $227,010
Level 3 -- Attendance: 1942 (97.10%) -- Ticket Income $62,144
Level 4 -- Attendance: 4000 (100.00%) -- Ticket Income $84,000
Luxury Box -- Attendance: 748 (74.80%) -- Ticket Income $125,664
Game was played at the Verizon Center.
Total Attendance: 17520 (97.33%)
Total Ticket Income: $990,818
Other Income: $148,623
Total Income: $1,139,441
Blue Jackets
5 vs 5 Forward
Center Left Wing Right Wing Time % Phy DF OF
1 Pavel Datsyuk David Booth Martin Havlat 37 1 2 2
2 Peter Mueller Marcus Nilson Patric Hornqvist 33 1 2 2
3 Jan Bulis Mike York Mike Brown 20 1 2 2
4 Kevin Porter Jeff Taffe Andreas Nodl 10 1 2 2
5 vs 5 Defense
Defense Defense Time % Phy DF OF
1 Mike Lundin Branislav Mezei 40 1 2 2
2 Kevin Bieksa Tim Ramholt 30 1 2 2
3 Mike Commodore A.J Thelen 20 1 2 2
4 Mike Lundin Branislav Mezei 10 1 2 2
PowerPlay Forward
Center Left Wing Right Wing Time % Phy DF OF
1 Pavel Datsyuk David Booth Patric Hornqvist 60 1 2 2
2 Peter Mueller Marcus Nilson Martin Havlat 40 1 2 2
PowerPlay Defense
Defense Defense Time % Phy DF OF
1 Mike Lundin Branislav Mezei 60 1 2 2
2 Kevin Bieksa Tim Ramholt 40 1 2 2
Penalty Kill 4 Players Forward
Center Wing Time % Phy DF OF
1 Pavel Datsyuk Martin Havlat 60 1 2 2
2 Jan Bulis Jeff Taffe 40 1 2 2
Penalty Kill 4 Players Defense
Defense Defense Time % Phy DF OF
1 Mike Lundin Branislav Mezei 60 1 2 2
2 Kevin Bieksa Tim Ramholt 40 1 2 2
Penalty Kill - 3 Players Forward
Forward Time % Phy DF OF
1 Pavel Datsyuk 60 1 2 2
2 Jan Bulis 40 1 2 2
Penalty Kill - 3 Players Defense
Defense Defense Time % Phy DF OF
1 Mike Lundin Branislav Mezei 60 1 2 2
2 Kevin Bieksa Tim Ramholt 40 1 2 2
4 vs 4 Forward
Center Wing Time % Phy DF OF
1 Pavel Datsyuk Martin Havlat 60 1 2 2
2 Pavel Datsyuk Patric Hornqvist 40 1 2 2
4 vs 4 Defense
Defense Defense Time % Phy DF OF
1 Mike Lundin Branislav Mezei 60 1 2 2
2 Kevin Bieksa Tim Ramholt 40 1 2 2
Last Minutes Offensive
Center Left Wing Right Wing Defense Defense
Pavel Datsyuk David Booth Patric Hornqvist Mike Lundin Branislav Mezei
Last Minutes Defensive
Center Left Wing Right Wing Defense Defense
Pavel Datsyuk David Booth Patric Hornqvist Mike Lundin Branislav Mezei
Goaltenders
Starting : Rick DiPietro
Backup : Keith Kinkaid
Extra Forwards
Normal : Mike York, Mike Brown, Andreas Nodl - PP : Mike York, Mike Brown - PK : Andreas Nodl
Extra Defensemen
Normal : Mike Commodore, A.J Thelen, Kevin Bieksa - PP : Mike Commodore - PK : A.J Thelen, Kevin Bieksa
Penalty Shots
Patric Hornqvist, David Booth, Martin Havlat, Pavel Datsyuk, Marcus Nilson
Scratches
Dave Steckel (Healthy), Shane O'Brien (Healthy)
Capitals
5 vs 5 Forward
Center Left Wing Right Wing Time % Phy DF OF
1 Tyler Seguin Artemi Panarin Jaromir Jagr 40 1 2 2
2 Joe Thornton Patrick Marleau Mats Zuccarello 35 1 2 2
3 Brian Boyle Mike Hoffman Mark Stone 20 1 2 2
4 Jay Beagle Chris Kunitz T.J. Oshie 5 1 2 2
5 vs 5 Defense
Defense Defense Time % Phy DF OF
1 Dan Boyle Erik Karlsson 40 1 3 1
2 Paul Martin Dougie Hamilton 35 1 3 1
3 Chris Phillips Christian Ehrhoff 25 1 3 1
4 Dan Boyle Paul Martin 0 1 3 1
PowerPlay Forward
Center Left Wing Right Wing Time % Phy DF OF
1 Tyler Seguin Patrick Marleau Jaromir Jagr 60 1 2 2
2 Joe Thornton Artemi Panarin Mats Zuccarello 40 1 2 2
PowerPlay Defense
Defense Defense Time % Phy DF OF
1 Dan Boyle Erik Karlsson 60 1 2 2
2 Dougie Hamilton Paul Martin 40 1 2 2
Penalty Kill 4 Players Forward
Center Wing Time % Phy DF OF
1 Joe Thornton Jaromir Jagr 60 1 2 2
2 Patrick Marleau Mats Zuccarello 40 1 2 2
Penalty Kill 4 Players Defense
Defense Defense Time % Phy DF OF
1 Dan Boyle Paul Martin 60 1 2 2
2 Christian Ehrhoff Erik Karlsson 40 1 2 2
Penalty Kill - 3 Players Forward
Forward Time % Phy DF OF
1 Joe Thornton 60 1 2 2
2 Jaromir Jagr 40 1 2 2
Penalty Kill - 3 Players Defense
Defense Defense Time % Phy DF OF
1 Dan Boyle Paul Martin 60 1 2 2
2 Christian Ehrhoff Erik Karlsson 40 1 2 2
4 vs 4 Forward
Center Wing Time % Phy DF OF
1 Joe Thornton Jaromir Jagr 60 1 2 2
2 Patrick Marleau Mats Zuccarello 40 1 2 2
4 vs 4 Defense
Defense Defense Time % Phy DF OF
1 Dan Boyle Paul Martin 60 1 2 2
2 Christian Ehrhoff Erik Karlsson 40 1 2 2
Last Minutes Offensive
Center Left Wing Right Wing Defense Defense
Joe Thornton Patrick Marleau Jaromir Jagr Dan Boyle Paul Martin
Last Minutes Defensive
Center Left Wing Right Wing Defense Defense
Joe Thornton Patrick Marleau Jaromir Jagr Dan Boyle Paul Martin
Goaltenders
Starting : Craig Anderson
Backup : Jake Allen
Extra Forwards
Normal : Jay Beagle, T.J. Oshie, Chris Kunitz - PP : Jay Beagle, T.J. Oshie - PK : Chris Kunitz
Extra Defensemen
Normal : Paul Martin, Erik Karlsson, Christian Ehrhoff - PP : Erik Karlsson - PK : Paul Martin, Dan Boyle
Penalty Shots
Tyler Seguin, Jaromir Jagr, Artemi Panarin, Mats Zuccarello, Patrick Marleau
Scratches
Joe Thornton (Right Hip Injury), Matt Carle (Healthy), Shane Doan (Healthy)
% Time on Ice - Blue Jackets
Lines # - Real PCT - Wanted PCT - Time Play
Normal Forward
1 - 34% - 37% - 17:21
2 - 31% - 33% - 15:56
3 - 22% - 20% - 11:32
4 - 13% - 10% - 6:57
Normal Defense
1 - 36% - 40% - 18:49
2 - 33% - 30% - 17:17
3 - 22% - 20% - 11:31
4 - 8% - 10% - 4:09
PP Forward
1 - 55% - 60% - 2:22
2 - 45% - 40% - 1:54
PP Defense
1 - 72% - 60% - 3:05
2 - 28% - 40% - 1:11
PK Forward
1 - 76% - 60% - 3:02
2 - 24% - 40% - 0:56
PK Defense
1 - 65% - 60% - 2:34
2 - 35% - 40% - 1:24
PK3 Forward
1 - 0% - 60%
2 - 0% - 40%
PK3 Defense
1 - 0% - 60%
2 - 0% - 40%
44 Forward
1 - 100% - 60% - 5:00
2 - 0% - 40% - 0:00
44 Defense
1 - 61% - 60% - 3:03
2 - 39% - 40% - 1:57
Last Minute Offensive - 0:00
Last Minute Defensive - 0:00
Total
Forward - 65:00
Defense - 65:00
|
% Time on Ice - Capitals
Lines # - Real PCT - Wanted PCT - Time Play
Normal Forward
1 - 35% - 40% - 17:55
2 - 31% - 35% - 15:53
3 - 23% - 20% - 12:01
4 - 11% - 5% - 5:57
Normal Defense
1 - 39% - 40% - 20:20
2 - 35% - 35% - 17:56
3 - 25% - 25% - 12:47
4 - 1% - 0% - 0:43
PP Forward
1 - 45% - 60% - 1:48
2 - 55% - 40% - 2:10
PP Defense
1 - 54% - 60% - 2:09
2 - 46% - 40% - 1:49
PK Forward
1 - 86% - 60% - 3:40
2 - 14% - 40% - 0:36
PK Defense
1 - 56% - 60% - 2:23
2 - 44% - 40% - 1:53
PK3 Forward
1 - 0% - 60%
2 - 0% - 40%
PK3 Defense
1 - 0% - 60%
2 - 0% - 40%
44 Forward
1 - 100% - 60% - 5:00
2 - 0% - 40% - 0:00
44 Defense
1 - 59% - 60% - 2:57
2 - 41% - 40% - 2:03
Last Minute Offensive - 0:00
Last Minute Defensive - 0:00
Total
Forward - 65:00
Defense - 65:00
|
Play by Play
1st period
0:01 of 1st period - Pavel Datsyuk wins face-off versus Tyler Seguin in neutral zone.
0:14 of 1st period - Wrist shot by Martin Havlat.
0:14 of 1st period - Stopped by Craig Anderson with a rebound.
0:26 of 1st period - Mike Lundin is hit by Joe Thornton and loses puck.
0:49 of 1st period - Wrist shot by Patric Hornqvist.
0:49 of 1st period - Stopped by Craig Anderson with a rebound.
1:11 of 1st period - Snap shot by T.J. Oshie.
1:11 of 1st period - Goal by T.J. Oshie - Blue Jackets : 0 - Capitals : 1.
1:12 of 1st period - Tyler Seguin wins face-off versus David Booth in neutral zone.
1:41 of 1st period - Christian Ehrhoff is hit by Marcus Nilson and loses puck.
1:46 of 1st period - Wrist shot by Patric Hornqvist.
1:46 of 1st period - Stopped by Craig Anderson without a rebound.
1:47 of 1st period - Tyler Seguin wins face-off versus Jan Bulis in Capitals zone.
2:00 of 1st period - Slapshot by Kevin Bieksa.
2:00 of 1st period - Deflect By Erik Karlsson.
2:00 of 1st period - Stopped by Craig Anderson with a rebound.
2:02 of 1st period - Slapshot by Kevin Bieksa.
2:02 of 1st period - Shot Blocked by Dan Boyle.
2:16 of 1st period - Slapshot by Pavel Datsyuk.
2:16 of 1st period - Shot Misses the Net.
2:18 of 1st period - Snap shot by Branislav Mezei.
2:18 of 1st period - Stopped by Craig Anderson without a rebound.
2:19 of 1st period - Peter Mueller wins face-off versus Joe Thornton in Capitals zone.
2:36 of 1st period - Snap shot by Joe Thornton.
2:36 of 1st period - Goal by Joe Thornton - Blue Jackets : 0 - Capitals : 2.
2:37 of 1st period - Kevin Porter wins face-off versus Brian Boyle in neutral zone.
2:44 of 1st period - Slapshot by Kevin Bieksa.
2:44 of 1st period - Deflect By Kevin Porter.
2:44 of 1st period - Deflect By Chris Phillips.
2:44 of 1st period - Stopped by Craig Anderson with a rebound.
3:02 of 1st period - David Booth is hit by Christian Ehrhoff and loses puck.
3:52 of 1st period - Slapshot by Erik Karlsson.
3:52 of 1st period - Deflect By Mike Lundin.
3:52 of 1st period - Stopped by Rick DiPietro without a rebound.
3:53 of 1st period - Jay Beagle wins face-off versus Pavel Datsyuk in Blue Jackets zone.
4:42 of 1st period - A.J Thelen is hit by Mike Hoffman and loses puck.
4:47 of 1st period - Slapshot by Paul Martin.
4:47 of 1st period - Stopped by Rick DiPietro with a rebound.
4:49 of 1st period - Slapshot by Paul Martin.
4:49 of 1st period - Stopped by Rick DiPietro without a rebound.
4:50 of 1st period - Pavel Datsyuk wins face-off versus Joe Thornton in Blue Jackets zone.
4:50 of 1st period - Pavel Datsyuk is hit by Patrick Marleau.
4:58 of 1st period - Snap shot by Joe Thornton.
4:58 of 1st period - Shot Blocked by Martin Havlat.
5:05 of 1st period - Slapshot by A.J Thelen.
5:05 of 1st period - Shot Blocked by Christian Ehrhoff.
5:22 of 1st period - Wrist shot by Jaromir Jagr.
5:22 of 1st period - Stopped by Rick DiPietro without a rebound.
5:23 of 1st period - Tyler Seguin wins face-off versus Kevin Porter in Blue Jackets zone.
5:26 of 1st period - Slapshot by Artemi Panarin.
5:26 of 1st period - Stopped by Rick DiPietro with a rebound.
5:28 of 1st period - Snap shot by Jaromir Jagr.
5:28 of 1st period - Stopped by Rick DiPietro with a rebound.
5:48 of 1st period - Patrick Marleau is hit by Patric Hornqvist and loses puck.
6:09 of 1st period - Wrist shot by Pavel Datsyuk.
6:09 of 1st period - Stopped by Craig Anderson without a rebound.
6:10 of 1st period - Pavel Datsyuk wins face-off versus Mike Hoffman in Capitals zone.
6:11 of 1st period - Snap shot by Martin Havlat.
6:11 of 1st period - Stopped by Craig Anderson without a rebound.
6:12 of 1st period - Tyler Seguin wins face-off versus Pavel Datsyuk in Capitals zone.
6:14 of 1st period - Minor Penalty to Dan Boyle for Tripping.
6:15 of 1st period - Joe Thornton wins face-off versus Pavel Datsyuk in Capitals zone.
6:25 of 1st period - Slapshot by Pavel Datsyuk.
6:25 of 1st period - Shot Misses the Net.
7:26 of 1st period - Martin Havlat is hit by Mats Zuccarello and loses puck.
8:14 of 1st period - Penalty to Dan Boyle is over, Dan Boyle is back on ice.
8:19 of 1st period - Slapshot by Erik Karlsson.
8:19 of 1st period - Shot Misses the Net.
8:32 of 1st period - Tim Ramholt is hit by Brian Boyle and loses puck.
9:38 of 1st period - Branislav Mezei is hit by Brian Boyle and loses puck.
9:57 of 1st period - Erik Karlsson is hit by Patric Hornqvist and loses puck.
10:14 of 1st period - Jan Bulis is hit by T.J. Oshie.
10:40 of 1st period - Andreas Nodl is hit by Mats Zuccarello and loses puck.
10:51 of 1st period - Backhand shot by Kevin Porter.
10:51 of 1st period - Shot Blocked by Christian Ehrhoff.
10:53 of 1st period - Slapshot by Marcus Nilson.
10:53 of 1st period - Stopped by Craig Anderson without a rebound.
10:54 of 1st period - Brian Boyle wins face-off versus Peter Mueller in Capitals zone.
10:54 of 1st period - Brian Boyle is hit by Patric Hornqvist.
11:00 of 1st period - Mike Commodore is hit by Dan Boyle and loses puck.
11:33 of 1st period - Wrist shot by Patric Hornqvist.
11:33 of 1st period - Stopped by Craig Anderson without a rebound.
11:34 of 1st period - Tyler Seguin wins face-off versus Pavel Datsyuk in Capitals zone.
11:53 of 1st period - Mike Lundin is hit by Dan Boyle and loses puck.
13:00 of 1st period - Wrist shot by Paul Martin.
13:00 of 1st period - Shot Misses the Net.
13:02 of 1st period - Snap shot by Mike Hoffman.
13:02 of 1st period - Shot Misses the Net.
13:09 of 1st period - Icing by Kevin Bieksa.
13:10 of 1st period - Peter Mueller wins face-off versus Tyler Seguin in Blue Jackets zone.
13:23 of 1st period - Snap shot by Artemi Panarin.
13:23 of 1st period - Shot Misses the Net.
13:25 of 1st period - Wrist shot by Artemi Panarin.
13:25 of 1st period - Shot Misses the Net.
13:37 of 1st period - Snap shot by Kevin Porter.
13:37 of 1st period - Goal by Kevin Porter - Blue Jackets : 1 - Capitals : 2.
13:38 of 1st period - Tyler Seguin wins face-off versus Pavel Datsyuk in neutral zone.
13:42 of 1st period - Off-side.
13:43 of 1st period - Tyler Seguin wins face-off versus Pavel Datsyuk in neutral zone.
14:14 of 1st period - Snap shot by Peter Mueller.
14:14 of 1st period - Shot Misses the Net.
14:16 of 1st period - Slapshot by Branislav Mezei.
14:16 of 1st period - Deflect By Peter Mueller.
14:16 of 1st period - Stopped by Craig Anderson with a rebound.
14:18 of 1st period - Slapshot by Mike Lundin.
14:18 of 1st period - Shot Misses the Net.
14:20 of 1st period - Slapshot by Mike Lundin.
14:20 of 1st period - Shot Blocked by Joe Thornton.
14:32 of 1st period - Snap shot by Mike Hoffman.
14:32 of 1st period - Shot Misses the Net.
14:54 of 1st period - Dan Boyle is hit by Jeff Taffe.
15:28 of 1st period - Paul Martin is hit by Marcus Nilson and loses puck.
16:17 of 1st period - Artemi Panarin is hit by Andreas Nodl and loses puck.
16:32 of 1st period - Snap shot by Joe Thornton.
16:32 of 1st period - Stopped by Rick DiPietro without a rebound.
16:33 of 1st period - Pavel Datsyuk wins face-off versus Joe Thornton in Blue Jackets zone.
16:37 of 1st period - Off-side.
16:38 of 1st period - Pavel Datsyuk wins face-off versus Joe Thornton in neutral zone.
16:55 of 1st period - Joe Thornton is hit by Martin Havlat and loses puck.
17:10 of 1st period - Wrist shot by Artemi Panarin.
17:10 of 1st period - Stopped by Rick DiPietro with a rebound.
17:36 of 1st period - Snap shot by Mike Hoffman.
17:36 of 1st period - Goal by Mike Hoffman - Blue Jackets : 1 - Capitals : 3.
17:37 of 1st period - Tyler Seguin wins face-off versus Pavel Datsyuk in neutral zone.
17:40 of 1st period - Snap shot by Artemi Panarin.
17:40 of 1st period - Stopped by Rick DiPietro without a rebound.
17:41 of 1st period - Martin Havlat wins face-off versus Tyler Seguin in Blue Jackets zone.
17:41 of 1st period - Martin Havlat is hit by Tyler Seguin.
17:57 of 1st period - Wrist shot by Tyler Seguin.
17:57 of 1st period - Shot Blocked by Pavel Datsyuk.
18:09 of 1st period - Snap shot by Mats Zuccarello.
18:09 of 1st period - Stopped by Rick DiPietro with a rebound.
18:11 of 1st period - Slapshot by Patrick Marleau.
18:11 of 1st period - Stopped by Rick DiPietro with a rebound.
18:13 of 1st period - Slapshot by Dan Boyle.
18:13 of 1st period - Stopped by Rick DiPietro without a rebound.
18:14 of 1st period - Peter Mueller wins face-off versus Joe Thornton in Blue Jackets zone.
18:14 of 1st period - Peter Mueller is hit by Joe Thornton.
18:24 of 1st period - Snap shot by Patric Hornqvist.
18:24 of 1st period - Stopped by Craig Anderson without a rebound.
18:25 of 1st period - Pavel Datsyuk wins face-off versus Tyler Seguin in Capitals zone.
18:26 of 1st period - Snap shot by Martin Havlat.
18:26 of 1st period - Shot Misses the Net.
18:38 of 1st period - Snap shot by Artemi Panarin.
18:38 of 1st period - Stopped by Rick DiPietro with a rebound.
18:40 of 1st period - Snap shot by Jaromir Jagr.
18:40 of 1st period - Deflect By David Booth.
18:40 of 1st period - Shot Blocked by David Booth.
18:40 of 1st period - Puck is out of play.
18:41 of 1st period - Peter Mueller wins face-off versus Joe Thornton in Blue Jackets zone.
18:48 of 1st period - Wrist shot by Marcus Nilson.
18:48 of 1st period - Stopped by Craig Anderson without a rebound.
18:49 of 1st period - Joe Thornton wins face-off versus Peter Mueller in Capitals zone.
19:00 of 1st period - Snap shot by Peter Mueller.
19:00 of 1st period - Deflect By Patric Hornqvist.
19:00 of 1st period - Stopped by Craig Anderson with a rebound.
19:32 of 1st period - Snap shot by Patric Hornqvist.
19:32 of 1st period - Stopped by Craig Anderson with a rebound.
Goals for this period are 1 for Blue Jackets vs 3 for Capitals.
Shots for this period are 16 for Blue Jackets vs 16 for Capitals.
2nd period
0:01 of 2nd period - Pavel Datsyuk wins face-off versus Tyler Seguin in neutral zone.
0:04 of 2nd period - Snap shot by Kevin Bieksa.
0:04 of 2nd period - Deflect By Artemi Panarin.
0:04 of 2nd period - Stopped by Craig Anderson without a rebound.
0:05 of 2nd period - Pavel Datsyuk wins face-off versus Tyler Seguin in Capitals zone.
0:10 of 2nd period - Wrist shot by Pavel Datsyuk.
0:10 of 2nd period - Deflect By Erik Karlsson.
0:10 of 2nd period - Stopped by Craig Anderson without a rebound.
0:11 of 2nd period - Pavel Datsyuk wins face-off versus Tyler Seguin in Capitals zone.
0:18 of 2nd period - Slapshot by Martin Havlat.
0:18 of 2nd period - Shot Blocked by Erik Karlsson.
0:33 of 2nd period - Icing by Pavel Datsyuk.
0:34 of 2nd period - Joe Thornton wins face-off versus Pavel Datsyuk in Blue Jackets zone.
1:10 of 2nd period - Icing by Tim Ramholt.
1:11 of 2nd period - Brian Boyle wins face-off versus Jan Bulis in Blue Jackets zone.
1:12 of 2nd period - Slapshot by Dan Boyle.
1:12 of 2nd period - Shot Misses the Net.
1:20 of 2nd period - Brian Boyle is hit by Mike Brown and loses puck.
1:47 of 2nd period - Snap shot by Marcus Nilson.
1:47 of 2nd period - Stopped by Craig Anderson with a rebound.
2:09 of 2nd period - Wrist shot by Kevin Porter.
2:09 of 2nd period - Shot Blocked by Erik Karlsson.
2:45 of 2nd period - Wrist shot by Jan Bulis.
2:45 of 2nd period - Shot Misses the Net.
3:31 of 2nd period - Wrist shot by Kevin Porter.
3:31 of 2nd period - Shot Misses the Net.
3:47 of 2nd period - Slapshot by Mike York.
3:47 of 2nd period - Shot Misses the Net.
3:55 of 2nd period - Wrist shot by T.J. Oshie.
3:55 of 2nd period - Shot Blocked by A.J Thelen.
4:44 of 2nd period - Wrist shot by Mike York.
4:44 of 2nd period - Shot Misses the Net.
4:46 of 2nd period - Slapshot by Tim Ramholt.
4:46 of 2nd period - Stopped by Craig Anderson with a rebound.
4:58 of 2nd period - Snap shot by Jay Beagle.
4:58 of 2nd period - Shot Misses the Net.
5:00 of 2nd period - Snap shot by Chris Kunitz.
5:00 of 2nd period - Shot Misses the Net.
5:02 of 2nd period - Slapshot by Chris Phillips.
5:02 of 2nd period - Stopped by Rick DiPietro without a rebound.
5:03 of 2nd period - Jay Beagle wins face-off versus Pavel Datsyuk in Blue Jackets zone.
5:30 of 2nd period - Marcus Nilson is hit by Christian Ehrhoff and loses puck.
5:39 of 2nd period - Slapshot by Paul Martin.
5:39 of 2nd period - Stopped by Rick DiPietro without a rebound.
5:40 of 2nd period - Tyler Seguin wins face-off versus Pavel Datsyuk in Blue Jackets zone.
5:51 of 2nd period - Wrist shot by Martin Havlat.
5:51 of 2nd period - Stopped by Craig Anderson with a rebound.
6:14 of 2nd period - Backhand shot by Joe Thornton.
6:14 of 2nd period - Stopped by Rick DiPietro without a rebound.
6:15 of 2nd period - Joe Thornton wins face-off versus Pavel Datsyuk in Blue Jackets zone.
6:16 of 2nd period - Snap shot by Mats Zuccarello.
6:16 of 2nd period - Shot Misses the Net.
6:49 of 2nd period - Slapshot by Patric Hornqvist.
6:49 of 2nd period - Deflect By Peter Mueller.
6:49 of 2nd period - Stopped by Craig Anderson with a rebound.
7:30 of 2nd period - Chris Phillips is hit by Martin Havlat and loses puck.
8:53 of 2nd period - Slapshot by Tim Ramholt.
8:53 of 2nd period - Stopped by Craig Anderson without a rebound.
8:54 of 2nd period - Pavel Datsyuk wins face-off versus Tyler Seguin in Capitals zone.
9:07 of 2nd period - Wrist shot by Tyler Seguin.
9:07 of 2nd period - Stopped by Rick DiPietro with a rebound.
9:26 of 2nd period - Wrist shot by Joe Thornton.
9:26 of 2nd period - Stopped by Rick DiPietro without a rebound.
9:27 of 2nd period - Peter Mueller wins face-off versus Tyler Seguin in Blue Jackets zone.
9:32 of 2nd period - Slapshot by Mike Lundin.
9:32 of 2nd period - Shot Misses the Net.
9:40 of 2nd period - Branislav Mezei is hit by Artemi Panarin and loses puck.
9:53 of 2nd period - Branislav Mezei is hit by Patrick Marleau and loses puck.
10:35 of 2nd period - Kevin Bieksa is hit by Joe Thornton and loses puck.
10:44 of 2nd period - Snap shot by Mats Zuccarello.
10:44 of 2nd period - Shot Misses the Net.
10:46 of 2nd period - Snap shot by Mats Zuccarello.
10:46 of 2nd period - Stopped by Rick DiPietro without a rebound.
10:47 of 2nd period - Tyler Seguin wins face-off versus Peter Mueller in Blue Jackets zone.
10:50 of 2nd period - Snap shot by Artemi Panarin.
10:50 of 2nd period - Shot Blocked by Branislav Mezei.
11:23 of 2nd period - Slapshot by Mark Stone.
11:23 of 2nd period - Stopped by Rick DiPietro without a rebound.
11:24 of 2nd period - Peter Mueller wins face-off versus Jay Beagle in Blue Jackets zone.
11:24 of 2nd period - Peter Mueller is hit by Chris Kunitz.
11:30 of 2nd period - Chris Kunitz is hit by Mike Lundin and loses puck.
11:56 of 2nd period - Wrist shot by Artemi Panarin.
11:56 of 2nd period - Shot Misses the Net.
11:58 of 2nd period - Wrist shot by Jaromir Jagr.
11:58 of 2nd period - Deflect By Mike York.
11:58 of 2nd period - Shot Blocked by Branislav Mezei.
11:58 of 2nd period - Puck is out of play.
11:59 of 2nd period - Mats Zuccarello wins face-off versus Pavel Datsyuk in Blue Jackets zone.
12:06 of 2nd period - Backhand shot by Joe Thornton.
12:06 of 2nd period - Shot Misses the Net.
12:16 of 2nd period - Snap shot by Martin Havlat.
12:16 of 2nd period - Stopped by Craig Anderson with a rebound.
12:22 of 2nd period - Minor Penalty to Dan Boyle for Goalie Interference.
12:23 of 2nd period - Pavel Datsyuk wins face-off versus Joe Thornton in Capitals zone.
12:30 of 2nd period - Wrist shot by Patric Hornqvist.
12:30 of 2nd period - Goal by Patric Hornqvist - Blue Jackets : 2 - Capitals : 3.
12:31 of 2nd period - Martin Havlat wins face-off versus Tyler Seguin in neutral zone.
12:57 of 2nd period - Joe Thornton is hit by Branislav Mezei.
13:25 of 2nd period - Wrist shot by Brian Boyle.
13:25 of 2nd period - Shot Blocked by Mike Lundin.
13:27 of 2nd period - Wrist shot by Brian Boyle.
13:27 of 2nd period - Shot Misses the Net.
13:43 of 2nd period - Slapshot by Jaromir Jagr.
13:43 of 2nd period - Shot Misses the Net.
13:45 of 2nd period - Slapshot by Chris Phillips.
13:45 of 2nd period - Shot Misses the Net.
13:47 of 2nd period - Wrist shot by Tyler Seguin.
13:47 of 2nd period - Stopped by Rick DiPietro without a rebound.
13:48 of 2nd period - Pavel Datsyuk wins face-off versus Joe Thornton in Blue Jackets zone.
14:07 of 2nd period - Joe Thornton is hit by David Booth and loses puck.
14:48 of 2nd period - Wrist shot by Andreas Nodl.
14:48 of 2nd period - Stopped by Craig Anderson without a rebound.
14:49 of 2nd period - Pavel Datsyuk wins face-off versus Tyler Seguin in Capitals zone.
14:50 of 2nd period - Wrist shot by Martin Havlat.
14:50 of 2nd period - Shot Misses the Net.
14:56 of 2nd period - Wrist shot by Martin Havlat.
14:56 of 2nd period - Shot Misses the Net.
14:58 of 2nd period - Snap shot by David Booth.
14:58 of 2nd period - Shot Misses the Net.
15:00 of 2nd period - Wrist shot by Martin Havlat.
15:00 of 2nd period - Shot Misses the Net.
15:02 of 2nd period - Snap shot by A.J Thelen.
15:02 of 2nd period - Stopped by Craig Anderson with a rebound.
15:04 of 2nd period - Wrist shot by Pavel Datsyuk.
15:04 of 2nd period - Stopped by Craig Anderson without a rebound.
15:05 of 2nd period - Joe Thornton wins face-off versus Peter Mueller in Capitals zone.
15:14 of 2nd period - Snap shot by Joe Thornton.
15:14 of 2nd period - Stopped by Rick DiPietro without a rebound.
15:15 of 2nd period - Peter Mueller wins face-off versus Joe Thornton in Blue Jackets zone.
15:20 of 2nd period - Joe Thornton is hit by Peter Mueller and loses puck.
15:21 of 2nd period - Joe Thornton from Capitals is injured at 15:21 of 2nd period (Right Hip).
15:22 of 2nd period - Artemi Panarin wins face-off versus Pavel Datsyuk in Capitals zone.
17:45 of 2nd period - Artemi Panarin is hit by Andreas Nodl.
18:26 of 2nd period - Snap shot by Marcus Nilson.
18:26 of 2nd period - Stopped by Craig Anderson with a rebound.
19:05 of 2nd period - A.J Thelen is hit by Tyler Seguin and loses puck.
19:40 of 2nd period - Brian Boyle is hit by Patric Hornqvist and loses puck.
19:57 of 2nd period - Branislav Mezei is hit by Jay Beagle and loses puck.
Goals for this period are 1 for Blue Jackets vs 0 for Capitals.
Shots for this period are 13 for Blue Jackets vs 9 for Capitals.
3rd period
0:01 of 3rd period - Tyler Seguin wins face-off versus Pavel Datsyuk in neutral zone.
0:41 of 3rd period - Minor Penalty to Patrick Marleau for Slashing.
0:42 of 3rd period - Chris Kunitz wins face-off versus Pavel Datsyuk in Capitals zone.
0:51 of 3rd period - Wrist shot by David Booth.
0:51 of 3rd period - Goal by David Booth - Blue Jackets : 3 - Capitals : 3.
0:52 of 3rd period - Tyler Seguin wins face-off versus Pavel Datsyuk in neutral zone.
1:18 of 3rd period - Erik Karlsson is hit by Branislav Mezei and loses puck.
1:41 of 3rd period - Brian Boyle is hit by Andreas Nodl and loses puck.
2:00 of 3rd period - Snap shot by Jeff Taffe.
2:00 of 3rd period - Stopped by Craig Anderson with a rebound.
2:12 of 3rd period - Slapshot by Tim Ramholt.
2:12 of 3rd period - Deflect By Mike York.
2:12 of 3rd period - Stopped by Craig Anderson without a rebound.
2:13 of 3rd period - Pavel Datsyuk wins face-off versus Chris Kunitz in Capitals zone.
2:24 of 3rd period - Erik Karlsson is hit by Pavel Datsyuk and loses puck.
2:45 of 3rd period - Wrist shot by Patrick Marleau.
2:45 of 3rd period - Shot Misses the Net.
3:21 of 3rd period - Icing by Branislav Mezei.
3:22 of 3rd period - Peter Mueller wins face-off versus Brian Boyle in Blue Jackets zone.
3:35 of 3rd period - Brian Boyle is hit by Mike York and loses puck.
3:54 of 3rd period - Slapshot by Tyler Seguin.
3:54 of 3rd period - Deflect By Jaromir Jagr.
3:54 of 3rd period - Stopped by Rick DiPietro without a rebound.
3:55 of 3rd period - Tyler Seguin wins face-off versus Pavel Datsyuk in Blue Jackets zone.
4:02 of 3rd period - Snap shot by Tyler Seguin.
4:02 of 3rd period - Stopped by Rick DiPietro with a rebound.
4:06 of 3rd period - Wrist shot by Artemi Panarin.
4:06 of 3rd period - Shot Misses the Net.
4:08 of 3rd period - Slapshot by Artemi Panarin.
4:08 of 3rd period - Stopped by Rick DiPietro with a rebound.
4:10 of 3rd period - Snap shot by Erik Karlsson.
4:10 of 3rd period - Stopped by Rick DiPietro without a rebound.
4:11 of 3rd period - Jay Beagle wins face-off versus Peter Mueller in Blue Jackets zone.
4:18 of 3rd period - Snap shot by Mats Zuccarello.
4:18 of 3rd period - Shot Hit the Post.
4:30 of 3rd period - Patrick Marleau is hit by Kevin Bieksa and loses puck.
4:47 of 3rd period - Wrist shot by Mike York.
4:47 of 3rd period - Stopped by Craig Anderson with a rebound.
4:49 of 3rd period - Slapshot by Tim Ramholt.
4:49 of 3rd period - Stopped by Craig Anderson with a rebound.
4:51 of 3rd period - Slapshot by Kevin Bieksa.
4:51 of 3rd period - Shot Misses the Net.
4:53 of 3rd period - Snap shot by Tim Ramholt.
4:53 of 3rd period - Shot Misses the Net.
5:37 of 3rd period - Minor Penalty to Mike Lundin for Holding.
5:38 of 3rd period - Pavel Datsyuk wins face-off versus Tyler Seguin in Blue Jackets zone.
5:42 of 3rd period - Branislav Mezei is hit by Patrick Marleau and loses puck.
6:30 of 3rd period - Kevin Bieksa is hit by Patrick Marleau and loses puck.
7:37 of 3rd period - Penalty to Mike Lundin is over, Mike Lundin is back on ice.
7:55 of 3rd period - Patric Hornqvist is hit by Brian Boyle and loses puck.
8:55 of 3rd period - Icing by Erik Karlsson.
8:56 of 3rd period - Peter Mueller wins face-off versus Jay Beagle in Capitals zone.
9:13 of 3rd period - Mike Lundin is hit by T.J. Oshie and loses puck.
9:20 of 3rd period - Snap shot by T.J. Oshie.
9:20 of 3rd period - Stopped by Rick DiPietro without a rebound.
9:21 of 3rd period - Tyler Seguin wins face-off versus Peter Mueller in Blue Jackets zone.
10:14 of 3rd period - Wrist shot by Martin Havlat.
10:14 of 3rd period - Shot Misses the Net.
10:34 of 3rd period - Andreas Nodl is hit by Jaromir Jagr and loses puck.
11:01 of 3rd period - Minor Penalty to Marcus Nilson for Interference.
11:02 of 3rd period - Tyler Seguin wins face-off versus Pavel Datsyuk in Blue Jackets zone.
12:52 of 3rd period - Dan Boyle is hit by Jan Bulis and loses puck.
12:57 of 3rd period - Slapshot by Jan Bulis.
12:57 of 3rd period - Stopped by Craig Anderson with a rebound.
13:01 of 3rd period - Penalty to Marcus Nilson is over, Marcus Nilson is back on ice.
13:16 of 3rd period - Marcus Nilson is hit by Mark Stone and loses puck.
13:37 of 3rd period - Slapshot by Erik Karlsson.
13:37 of 3rd period - Deflect By Jay Beagle.
13:37 of 3rd period - Shot Hit the Post.
13:37 of 3rd period - Puck is out of play.
13:38 of 3rd period - Jay Beagle wins face-off versus Mike York in Blue Jackets zone.
14:12 of 3rd period - Snap shot by Marcus Nilson.
14:12 of 3rd period - Shot Misses the Net.
14:49 of 3rd period - Snap shot by Andreas Nodl.
14:49 of 3rd period - Stopped by Craig Anderson without a rebound.
14:50 of 3rd period - Brian Boyle wins face-off versus Peter Mueller in Capitals zone.
15:11 of 3rd period - Minor Penalty to Brian Boyle for Slashing.
15:12 of 3rd period - Pavel Datsyuk wins face-off versus Chris Kunitz in Capitals zone.
15:48 of 3rd period - Icing by Martin Havlat.
15:49 of 3rd period - Tyler Seguin wins face-off versus Peter Mueller in Blue Jackets zone.
16:08 of 3rd period - Slapshot by Martin Havlat.
16:08 of 3rd period - Stopped by Craig Anderson with a rebound.
16:10 of 3rd period - Snap shot by Martin Havlat.
16:10 of 3rd period - Stopped by Craig Anderson with a rebound.
16:12 of 3rd period - Wrist shot by Martin Havlat.
16:12 of 3rd period - Shot Misses the Net.
16:14 of 3rd period - Wrist shot by Peter Mueller.
16:14 of 3rd period - Shot Misses the Net.
16:28 of 3rd period - Snap shot by Martin Havlat.
16:28 of 3rd period - Shot Hit the Post.
16:30 of 3rd period - Wrist shot by Peter Mueller.
16:30 of 3rd period - Deflect By Martin Havlat.
16:30 of 3rd period - Shot Misses the Net.
16:30 of 3rd period - Puck is out of play.
16:31 of 3rd period - Tyler Seguin wins face-off versus Pavel Datsyuk in Capitals zone.
17:11 of 3rd period - Penalty to Brian Boyle is over, Brian Boyle is back on ice.
19:41 of 3rd period - Dougie Hamilton is hit by Mike Brown and loses puck.
19:58 of 3rd period - Chris Kunitz is hit by Jeff Taffe.
Goals for this period are 1 for Blue Jackets vs 0 for Capitals.
Shots for this period are 9 for Blue Jackets vs 5 for Capitals.
Overtime #1
0:01 of 1st overtime period - Pavel Datsyuk wins face-off versus Jay Beagle in neutral zone.
1:16 of 1st overtime period - Snap shot by Artemi Panarin.
1:16 of 1st overtime period - Stopped by Rick DiPietro without a rebound.
1:17 of 1st overtime period - Pavel Datsyuk wins face-off versus Jay Beagle in Blue Jackets zone.
2:00 of 1st overtime period - Branislav Mezei is hit by Christian Ehrhoff and loses puck.
2:17 of 1st overtime period - Paul Martin is hit by David Booth.
2:31 of 1st overtime period - David Booth is hit by Brian Boyle and loses puck.
2:44 of 1st overtime period - Martin Havlat is hit by Jay Beagle and loses puck.
2:57 of 1st overtime period - Jaromir Jagr is hit by Mike Brown and loses puck.
3:02 of 1st overtime period - Wrist shot by Mike York.
3:02 of 1st overtime period - Stopped by Craig Anderson with a rebound.
3:20 of 1st overtime period - Andreas Nodl is hit by Erik Karlsson and loses puck.
3:41 of 1st overtime period - Artemi Panarin is hit by Mike Brown and loses puck.
4:03 of 1st overtime period - Icing by Mike Commodore.
4:04 of 1st overtime period - Jay Beagle wins face-off versus Pavel Datsyuk in Blue Jackets zone.
4:13 of 1st overtime period - Snap shot by Mike York.
4:13 of 1st overtime period - Shot Misses the Net.
Goals for this period are 0 for Blue Jackets vs 0 for Capitals.
Shots for this period are 1 for Blue Jackets vs 1 for Capitals.
ShootOut
5:00 of 1st overtime period - Penalty Shot by Patric Hornqvist for Blue Jackets.
5:00 of 1st overtime period - Wrist shot by Patric Hornqvist.
5:00 of 1st overtime period - Goal by Patric Hornqvist.
5:00 of 1st overtime period - Penalty Shot by Tyler Seguin for Capitals.
5:00 of 1st overtime period - Wrist shot by Tyler Seguin.
5:00 of 1st overtime period - Stopped by Rick DiPietro.
5:00 of 1st overtime period - Penalty Shot by David Booth for Blue Jackets.
5:00 of 1st overtime period - Wrist shot by David Booth.
5:00 of 1st overtime period - Stopped by Craig Anderson.
5:00 of 1st overtime period - Penalty Shot by Jaromir Jagr for Capitals.
5:00 of 1st overtime period - Snap shot by Jaromir Jagr.
5:00 of 1st overtime period - Stopped by Rick DiPietro.
5:00 of 1st overtime period - Penalty Shot by Martin Havlat for Blue Jackets.
5:00 of 1st overtime period - Backhand shot by Martin Havlat.
5:00 of 1st overtime period - Goal by Martin Havlat.
Back to the Top